 Dungeon Crawl Stone Soup version 0.31-a0-441-g867994ef1c (webtiles) character file.

Game seed: 9058925946694814084

2391147 ragingrage the Middleweight Champion (level 25, 219/228 (248) HPs)
             Began as a Minotaur Shapeshifter on Aug 2, 2023.
             Was the Champion of Ru.
             Escaped with the Orb
             ... and 4 runes!
             The game lasted 01:45:18 (64765 turns).

ragingrage the Middleweight Champion (MiSh)        Turns: 64765, Time: 01:45:18

HP:   219/228 (248) AC: 26    Str: 29      XL:     25   Next: 49%
MP:   21/21         EV: 15    Int:  4 (5)  God:    Ru [******]
Gold: 5398          SH:  0    Dex: 12 (14) Spells: 22/26 levels left

rFire   + .          .
                       - Unarmed
rCold   + . .        (shield unavailable)
rNeg    + + +        Y - +6 chain mail "Ysidiyck" {Regen+}
rPois   .            U - +2 hat {Will+}
rElec   +            x - +0 cloak "Mefec" {rElec rC+ Dex+4}
rCorr   .            n - +2 pair of gloves
SInv    .            J - +0 pair of boots {Fly}
Will    ++++.        M - amulet of regeneration Stlth
                     (ring unavailable)
HPRegen 2.18/turn    j - ring of Cuxyax {+Blink rF+ rN+++ Will+ Stlth-}
MPRegen 0.17/turn

%: clarity
@: flying, studying Short Blades, drained
A: horns 2, missing a hand, no stealth, hated by all, unskilled 1, retaliatory
headbutt, claws 1, clarity, clumsy 2, deformed body, deterioration 1, low MP 1,
strong-willed 1, inability to drink after injury 1, sturdy frame 2
0: Orb of Zot
}: 4/15 runes: barnacled, silver, abyssal, gossamer
a: Renounce Religion, Evoke Blink, Draw Out Power, Power Leap, Apocalypse


You escaped.
You worshipped Ru.
Ru was exalted by your worship.
You visited 10 branches of the dungeon, and saw 50 of its levels.
You visited the Abyss 1 time.
You also visited: Ossuary, Gauntlet and Ice Cave.

You collected 7639 gold pieces.
You spent 2241 gold pieces at shops.

Inventory:

Missiles
 a - 15 throwing nets
 f - 13 boomerangs (quivered)
 u - 22 javelins
 F - 2 silver javelins
 N - a curare-tipped dart
Armour
 d - the +1 cloak of Starlight {*Dazzle EV+4 Stlth--}
   (You found it on level 3 of the Elven Halls)

   *Dazzle:   It may blind those who miss an attack against the wearer in melee
   combat.
   EV:        It affects your evasion (+4).
   Stlth:     It makes you much less stealthy.
 n - a +2 pair of gloves (worn)
 x - the +0 cloak "Mefec" (worn) {rElec rC+ Dex+4}
   (You found it on level 4 of the Shoals)

   Dex:       It affects your dexterity (+4).
   rC:        It protects you from cold.
   rElec:     It insulates you from electricity.
 J - a +0 pair of boots of flying (worn)
 U - a +2 hat of willpower (worn)
 Y - the +6 chain mail "Ysidiyck" (worn) {Regen+}
   (You found it in a Gauntlet)

   Regen:     It increases your rate of health regeneration.
Jewellery
 j - the ring of Cuxyax (right hand) {+Blink rF+ rN+++ Will+ Stlth-}
   (You found it on level 5 of the Vaults)

   [ring of willpower]

   rF:        It protects you from fire.
   rN:        It renders you almost immune to negative energy.
   +Blink:    It lets you blink.
   Will:      It increases your willpower.
   Stlth:     It makes you less stealthy.
 l - a ring of protection from cold
 v - a +4 ring of protection
 E - the ring "Emmor" {rCorr AC+4 Str+2 Int-4}
   (You found it in a Gauntlet)

   [ring of protection]

   AC:        It affects your AC (+4).
   Str:       It affects your strength (+2).
   Int:       It affects your intelligence (-4).
   rCorr:     It protects you from acid and corrosion.
 M - an amulet of regeneration (around neck)
 O - the ring "Aruud" {rElec rPois EV+5 Str-3 Int+5}
   (You took it off a fire giant on level 4 of the Vaults)

   [ring of evasion]

   EV:        It affects your evasion (+5).
   Str:       It affects your strength (-3).
   Int:       It affects your intelligence (+5).
   rElec:     It insulates you from electricity.
   rPois:     It protects you from poison.
 T - the ring "Osu Tipt" {rF+ rN+ SInv}
   (You acquired it on level 2 of the Orcish Mines)

   [ring of see invisible]

   rF:        It protects you from fire.
   rN:        It protects you from negative energy.
   SInv:      It lets you see invisible.
Wands
 m - a wand of flame (93)
 H - a wand of roots (51)
 I - a wand of acid (19)
 K - a wand of digging (21)
 S - a wand of polymorph (23)
 V - a wand of mindburst (50)
Scrolls
 e - 11 scrolls of immolation
 g - 8 scrolls of torment
 h - 2 scrolls of revelation
 i - 21 scrolls of teleportation
 o - 4 scrolls of fog
 s - 12 scrolls of poison
 y - 15 scrolls of vulnerability
 A - 6 scrolls of blinking
 B - a scroll of silence
 X - 8 scrolls of fear
Potions
 b - 8 potions of lignification
 c - 5 potions of enlightenment
 k - 5 potions of might
 p - 3 potions of invisibility
 q - 2 potions of magic
 r - 9 potions of ambrosia
 t - 10 potions of brilliance
 w - 17 potions of curing
 z - 6 potions of cancellation
 C - 14 potions of heal wounds
 G - 12 potions of attraction
 L - 6 potions of mutation
 P - 4 potions of berserk rage
 R - 4 potions of haste
 W - 4 potions of resistance
Miscellaneous
 D - a phial of floods
 Q - a lightning rod (4/4)
 Z - a tin of tremorstones (2/2)


   Skills:
 + Level 24.8 Fighting
 - Level 16.0 Throwing
 - Level 20.0 Armour
 - Level 11.0 Dodging
 O Level 27 Unarmed Combat
 - Level 1.0 Spellcasting
 - Level 8.0 Transmutations
 - Level 12.0 Evocations
 - Level 2.1 Shapeshifting


You had 22 spell levels left.
You knew the following spells:

 Your Spells              Type           Power      Damage    Failure   Level
a - Wereblood             Tmut           6%         N/A       4%          2
b - Blink                 Tloc           0%         N/A       77%         2

Your spell library contained the following spells:

 Spells                   Type           Power      Damage    Failure   Level
 Sting                    Tmut/Pois      12%        1d3       16%         1
 Passwall                 Tmut/Erth      2%         N/A       24%         2
 Apportation              Tloc           0%         N/A       63%         1
 Foxfire                  Conj/Fire      0%         2x1d4     63%         1
 Freeze                   Ice            0%         1d3       63%         1
 Magic Dart               Conj           0%         1d3       63%         1
 Necrotise                Necr           0%         1d4       63%         1
 Slow                     Hex            0%         N/A       63%         1
 Ignite Poison            Fire/Tmut/Pois 2%         N/A       63%         3
 Lesser Beckoning         Tloc           0%         N/A       77%         2
 Momentum Strike          Conj/Tloc      0%         3d8       77%         2
 Poisonous Vapours        Pois/Air       0%         N/A       77%         2
 Static Discharge         Conj/Air       0%         2-2/arc   77%         2
 Sublimation of Blood     Necr           0%         N/A       77%         2
 Confusing Touch          Hex            0%         N/A       94%         3
 Dazzling Flash           Conj/Hex       0%         N/A       94%         3
 Frozen Ramparts          Ice            0%         1d1       94%         3
 Hailstorm                Conj/Ice       0%         3d3       94%         3
 Inner Flame              Hex/Fire       0%         N/A       94%         3
 Mephitic Cloud           Conj/Pois/Air  0%         N/A       94%         3
 Ozocubu's Armour         Ice            0%         N/A       94%         3
 Portal Projectile        Hex/Tloc       0%         N/A       94%         3
 Stone Arrow              Conj/Erth      0%         3d7       94%         3
 Teleport Other           Tloc           0%         N/A       94%         3
 Vampiric Draining        Necr           0%         2d6       94%         3
 Volatile Blastmotes      Fire/Tloc      0%         2d10      94%         3
 Alistair's Intoxication  Tmut/Pois      2%         N/A       99%         5
 Irradiate                Conj/Tmut      1%         3d12      99%         5
 Airstrike                Air            0%         2d(0-16)  100%        4
 Anguish                  Hex/Necr       0%         N/A       100%        4
 Cause Fear               Hex            0%         N/A       100%        4
 Flame Wave               Conj/Fire      0%         2d4       100%        4
 Iskenderun's Mystic Bla  Conj/Tloc      0%         2d3       100%        4
 Leda's Liquefaction      Hex/Erth       0%         N/A       100%        4
 Manifold Assault         Tloc           0%         N/A       100%        4
 Olgreb's Toxic Radiance  Pois           0%         N/A       100%        4
 Passage of Golubria      Tloc           0%         N/A       100%        4
 Sticky Flame             Conj/Fire      0%         2d3       100%        4
 Agony                    Necr           0%         N/A       100%        5
 Borgnjor's Vile Clutch   Necr/Erth      0%         N/A       100%        5
 Fireball                 Conj/Fire      0%         3d3       100%        5
 Iskenderun's Battlesphe  Conj           0%         2d6       100%        5
 Lee's Rapid Deconstruct  Erth           0%         3d4*      100%        5
 Silence                  Hex/Air        0%         N/A       100%        5
 Conjure Ball Lightning   Conj/Air       0%         3x3d6     100%        6
 Eringya's Noxious Bog    Tmut/Pois      1%         4d6       100%        6
 Leda's Unmaking          Conj/Erth      0%         9d1       100%        6
 Starburst                Conj/Fire      0%         6d3       100%        6
 Enfeeble                 Hex            0%         N/A       100%        7
 Orb of Destruction       Conj           0%         9d5       100%        7
 Ozocubu's Refrigeration  Ice            0%         4d7       100%        7
 Borgnjor's Revivificati  Necr           0%         N/A       100%        8
 Discord                  Hex            0%         N/A       100%        8
 Disjunction              Tloc           0%         N/A       100%        8
 Lehudib's Crystal Spear  Conj/Erth      0%         10d2      100%        8
 Maxwell's Capacitive Co  Air            0%         ∞         100%        8
 Chain Lightning          Conj/Air       0%         N/A       100%        9
 Death's Door             Necr           0%         N/A       100%        9
 Fire Storm               Conj/Fire      0%         5d1       100%        9
 Shatter                  Erth           0%         3d5*      100%        9
 Summon Small Mammal      Summ           Unusable   N/A       N/A         1
 Call Imp                 Summ           Unusable   N/A       N/A         2
 Call Canine Familiar     Summ           Unusable   N/A       N/A         3
 Tukima's Dance           Hex            Unusable   N/A       N/A         3
 Animate Armour           Summ/Erth      Unusable   N/A       N/A         4
 Summon Lightning Spire   Summ/Air       Unusable   N/A       N/A         4
 Summon Forest            Summ/Tloc      Unusable   N/A       N/A         5
 Haunt                    Necr/Summ      Unusable   N/A       N/A         7
 Spellforged Servitor     Conj/Summ      Unusable   N/A       N/A         7
 Summon Hydra             Summ           Unusable   N/A       N/A         7
 Dragon's Call            Summ           Unusable   N/A       N/A         9

Dungeon Overview and Level Annotations

Branches:
Dungeon (15/15)            Temple (0/1) D:6            Lair (5/5) D:10
 Shoals (4/4) Lair:3       Spider (4/4) Lair:3        Slime (3/5) Lair:5
    Orc (2/2) D:9             Elf (3/3) Orc:2        Vaults (5/5) D:14
  Crypt (0/3) Vaults:3     Depths (4/4) D:15            Zot (5/5) Depths:4
Ossuary (visited)           IceCv (visited)         Gauntlet (visited)

Altars:
Ashenzari
Kikubaaqudgha
Makhleb
Nemelex Xobeh
Ru
Sif Muna
Trog
The Shining One

Shops:
D:1 (   D:2 *   D:13 :   D:15 *:*(!   Orc:1 *   Orc:2 :*[?   Elf:1 :
Elf:2 !**?   Elf:3 *   Shoals:3 **(:   Vaults:3 ?   Vaults:4 *   Depths:1 !
Depths:2 *   Depths:4 (

Portals:
Hell: Depths:1 Depths:2 Depths:3 Depths:4
Abyss: Depths:3
Pandemonium: Depths:2 Depths:4
Ziggurat: Depths:1

Annotations:
D:3 exclusion: downstairs
D:10 6 transporters
Shoals:1 1 runed translucent door, Mofoompusch's ghost, adept NaCA
Spider:2 2 transporters, Xavori's ghost, adept DjCK
Elf:2 5 runed translucent doors
Depths:1 exclusions: 2 daevas and 2 more exclusions
Zot:5 1 exclusion


Innate Abilities, Weirdness & Mutations

You have a pair of horns on your head.
You are missing a hand.
You cannot be stealthy.
You are hated by all.
You are somewhat unskilled. (-1 Apt)
You reflexively headbutt those who attack you in melee.
You have sharp fingernails.
You possess an exceptional clarity of mind.
You are very clumsy. (Dex -4)
Armour fits poorly on your strangely shaped body.
Your body sometimes deteriorates upon taking damage.
Your magical capacity is low. (-10% MP)
You are strong-willed. (Will+)
You occasionally lose the ability to drink potions when taking damage.
Your movements are less encumbered by armour. (ER -4)


Message History

You reach down and close the door.
A chaos spawn breaks down the door.
Pokladd blinks!
There is a staircase leading out of the dungeon here.
You completely miss the chaos spawn. Your headbutt misses the chaos spawn.
You barely miss the chaos spawn.
You headbutt the chaos spawn, but do no damage.
The chaos spawn is stunned by your conviction and fails to attack.
You pound the chaos spawn into fine dust!!!
You kill the chaos spawn!
The chaos spawn degenerates into a cloud of primal chaos!
No reachable target in view!
Unknown command.
Pokladd gestures at you. The entropic shot hits you!!
Pokladd begins to attack, but is stunned by your conviction!
Pokladd gestures at you. The entropic shot misses you.
You redirect Pokladd's attack!
Pokladd hits itself!!!
You strike the helpless Pokladd from behind!
You pulverise Pokladd!!!
Your headbutt misses Pokladd.
You redirect Pokladd's attack!
Pokladd hits you but does no damage. Pokladd closely misses you.
You furiously retaliate!
You headbutt Pokladd! You barely miss Pokladd. Your headbutt misses Pokladd.
You barely miss Pokladd.
You redirect Pokladd's attack!
Pokladd hits itself!!
You closely miss Pokladd. Your headbutt misses Pokladd.
You closely miss Pokladd.
Pokladd gestures.
You pulverise Pokladd!!!
Your headbutt misses Pokladd.
You squash Pokladd like an ant!!!
You kill Pokladd!
The Tzitzimitl disappears in a puff of smoke!
There is a staircase leading out of the dungeon, spattered with blood here.
You can't go down here!
Unknown command.
You have escaped!

## .# .# .########
........# ### ####
.####...## #@###.>#
.# #.....# ##....##
##
##...########......#
##.........###..###
#.##########...# #.#
##..### ##'##
##..#.# ##...##
#....## ##.....##
##..###


There were no monsters in sight!

Vanquished Creatures
  2 dread liches
  5 ancient liches
  6 orbs of fire (Zot:5)
  Mara (Shoals:3)
  2 juggernauts
  9 Killer Klowns
  A caustic shrike (Zot:5)
  9 golden dragons
  A pandemonium lord (D:1)
  Arachne (Spider:4)
  Nikola (Depths:1)
  A bone dragon (Depths:4)
  2 electric golems (Zot:5)
  Zenata (Vaults:4)
  10 tentacled monstrosities
  21 Orb Guardians
  Asterion (Spider:1)
  7 titans
  5 liches
  A walking divine tome (Depths:2)
  2 deep elf blademasters (Elf:3)
  2 deep elf master archers (Elf:3)
  An ancient champion (Vaults:3)
  10 sphinxes
  3 quicksilver dragons
  6 acid blobs
  2 krakens
  A tentacled starspawn (Abyss:5)
  4 death cobs
  Kirke (Spider:4)
  6 storm dragons
  5 tengu reavers
  Aizul (Spider:3)
  8 shadow dragons
  2 rockslimes
  Donald (Spider:4)
  2 draconian monks
  3 azure jellies
  Roxanne (D:15)
  5 fire giants
  5 draconian knights
  Ilsuiw (Shoals:3)
  6 deep elf sorcerers (Elf:3)
  An iron dragon (Vaults:4)
  17 vault wardens
  An emperor scorpion (Spider:4)
  8 frost giants
  2 draconian scorchers
  A balrug (Depths:2)
  4 deep elf elementalists
  4 spriggan defenders (Depths:2)
  3 juggernaut zombies (Depths:1)
  3 ghost moths
  3 orc warlords
  A caustic shrike zombie (Depths:1)
  3 broodmothers
  5 draconian shifters
  26 ironbound preservers
  5 war gargoyles
  4 draconian annihilators
  A cacodemon (Depths:4)
  A reaper (Depths:3)
  17 stone giants
  A ghoul (Vaults:3)
  5 formless jellyfish
  15 very ugly things
  A quicksilver ooze (Lair:5)
  3 vampire knights
  7 ironbound thunderhulks
  7 black draconians
  4 red draconians
  6 yellow draconians
  14 dire elephants
  2 deep elf demonologists
  2 spark wasps
  A lorocyproca (Zot:5)
  2 green draconians
  A minotaur (Gauntlet)
  6 purple draconians
  5 deep elf annihilators (Elf:3)
  13 ettins
  6 white draconians
  3 crystal guardians
  12 merfolk impalers
  12 deep elf death magi
  3 merfolk javelineers
  5 deep elf high priests
  7 fire dragons
  A quicksilver dragon zombie (Depths:1)
  7 hydras
  8 entropy weavers
  9 great orbs of eyes
  14 yaktaur captains
  Fannar (D:11)
  3 rakshasas
  3 catoblepae
  9 ice dragons
  A hydra (shapeshifter) (Vaults:2)
  37 vault guards
  4 spriggan air magi
  2 peacekeepers
  3 ogre magi
  An anaconda (shapeshifter) (Vaults:5)
  A juggernaut simulacrum (Depths:2)
  7 ironbound frosthearts
  2 radroaches (Spider:4)
  2 hell beasts (Depths:1)
  4 merfolk avatars
  2 jorogumos
  4 satyrs
  2 merfolk aquamancers (Shoals:4)
  9 centaur warriors
  5 two-headed ogres
  3 alligator snapping turtles
  A satyr (shapeshifter) (Depths:2)
  8 boulder beetles
  13 tengu warriors
  A spriggan berserker (Depths:1)
  12 demonic crawlers
  A hell hog (Depths:3)
  5 deep troll earth magi
  6 deep troll shamans
  Urug (D:11)
  A titan zombie (Depths:1)
  14 dancing weapons
  An orc high priest (Orc:2)
  A thrashing horror (Abyss:5)
  11 death yaks
  A vampire mage (Vaults:3)
  18 hell knights
  7 deep elf knights
  A wretched star (Abyss:5)
  4 iron trolls
  A fire crab (shapeshifter) (Elf:1)
  A storm dragon zombie (Depths:1)
  Amaemon (Lair:2)
  12 sun demons
  3 skysharks
  7 pharaoh ants
  A sixfirhy (Depths:4)
  2 sun moths
  A death drake (shapeshifter) (Vaults:5)
  59 deep trolls
  A deep troll (shapeshifter) (Vaults:5)
  A golden dragon zombie (Depths:1)
  11 sea snakes
  9 orb spiders
  12 deep elf archers
  2 orange crystal statues
  5 phantasmal warriors
  3 glowing orange brains
  Pikel (D:4)
  7 wizards
  2 shadow dragon zombies (Depths:1)
  10 starcursed masses (Abyss:5)
  4 steelbarb worms
  14 harpies
  12 orc knights
  2 tengu zombies (Depths:1)
  2 flayed ghosts
  A mana viper (shapeshifter) (Vaults:5)
  6 wolf spider zombies (Spider:3)
  8 lindwurms
  An obsidian statue (D:13)
  A lindwurm (shapeshifter) (Depths:1)
  22 deep elf pyromancers
  19 ironbound convokers
  9 necromancers
  6 fauns
  24 wolf spiders
  A frost giant zombie (Depths:1)
  2 stone giant zombies (Depths:1)
  2 oklob plants (Lair:4)
  29 deep elf zephyrmancers
  2 fire giant zombies (Depths:1)
  2 shining eyes
  A worldbinder (Abyss:5)
  An orc sorcerer (Orc:2)
  16 manticores
  42 ugly things
  8 cyclopes
  A manticore (shapeshifter) (Vaults:5)
  A moth of wrath (shapeshifter) (Depths:4)
  A sphinx skeleton (Depths:2)
  2 elephants (Lair:5)
  11 moths of wrath
  21 vault sentinels
  Maurice (Orc:2)
  6 black mambas
  12 merfolk sirens
  3 water nymphs
  2 guardian serpents
  4 smoke demons
  An apocalypse crab (Abyss:5)
  6 torpor snails
  An ice statue (IceCv)
  3 gargoyles
  2 orange demons
  The ghost of bronco the Ruffian, a novice MiSh (D:5)
  13 cane toads
  3 spriggan zombies (Depths:1)
  2 eyes of devastation (Depths:1)
  15 rime drakes
  8 redback zombies (Spider:3)
  3 komodo dragons
  A komodo dragon (shapeshifter) (Vaults:5)
  9 tengu conjurers
  A minotaur zombie (Gauntlet)
  An ice devil (Depths:2)
  36 yaktaurs
  A freezing wraith (Vaults:5)
  An ancient zyme (Abyss:5)
  21 merfolk
  7 trolls
  17 polar bears
  A queen bee (Lair:2)
  A queen bee (shapeshifter) (Vaults:2)
  12 meliai
  20 tarantellas
  11 wind drakes
  2 hornets (Depths:2)
  6 dream sheep
  15 blink frogs
  An ettin zombie (Depths:1)
  6 raiju
  8 tarantella zombies (Spider:3)
  6 culicivora zombies (Spider:3)
  11 snapping turtles
  2 centaur simulacra (Gauntlet)
  2 shadows
  18 culicivoras
  69 slime creatures
  3 vampires
  25 jumping spiders
  2 spriggans (Depths:2)
  A spriggan skeleton (Depths:2)
  6 wraiths
  An elf simulacrum (Vaults:4)
  8 water elementals
  An ettin skeleton (Vaults:4)
  3 wyverns
  2 ynoxinuls
  2 fire elementals
  5 humans
  Grum (D:8)
  35 yaks
  2 hogs (Spider:4)
  10 fire bats
  A fire bat (shapeshifter) (D:15)
  2 golden eyes (Slime:3)
  2 basilisks
  37 redbacks
  4 chaos spawn
  5 vampire mosquitoes (D:12)
  2 neqoxecs
  A human zombie (Depths:1)
  2 glowing shapeshifter zombies (Depths:1)
  7 wargs
  An acid dragon (D:12)
  11 water moccasins
  17 hell hounds
  Duvessa (D:7)
  A hydra simulacrum (Gauntlet)
  2 floating eyes
  A large abomination (Abyss:5)
  A meliai simulacrum (Gauntlet)
  38 orc warriors
  4 ice beasts
  4 ogres
  13 black bears
  An ogre (shapeshifter) (Depths:2)
  36 wolves
  A boggart (D:11)
  18 centaurs
  A lemure (D:4)
  2 phantoms
  2 kobold brigands (D:10)
  10 bullfrogs
  6 earth elementals
  3 scorpions
  An ogre simulacrum (Vaults:4)
  3 gnoll sergeants
  5 wights
  Dowan (D:7)
  22 killer bees
  7 howler monkeys
  6 electric eels
  5 lava snakes
  4 centaur zombies (Ossuary)
  2 bullfrog zombies (Ossuary)
  7 hounds
  4 gnoll boudas
  9 jellies
  20 orc priests
  2 centaur skeletons (D:5)
  A scorpion zombie (Ossuary)
  A bullfrog skeleton (D:5)
  2 iguanas
  Ijyb (D:4)
  16 orc wizards
  2 sleepcaps (D:6)
  3 ogre zombies (Ossuary)
  34 gnolls
  8 adders
  A shadow imp (D:8)
  A white imp (D:7)
  An ufetubus (D:6)
  3 adder zombies (Ossuary)
  3 worms
  A dart slug (D:1)
  85 orcs
  5 bats
  8 endoplasms
  3 giant cockroaches (D:2)
  2 gnoll zombies (Ossuary)
  6 goblins
  10 hobgoblins
  7 jackals
  15 kobolds
  3 quokkas
  2 ball pythons
  7 frilled lizards
  2 goblin zombies (Ossuary)
  3 hobgoblin zombies (Ossuary)
  An orc zombie (Ossuary)
  5 rats
  2 lurking horrors (Abyss:5)
  5 tentacles
2158 creatures vanquished.

Vanquished Creatures (others)
  A Killer Klown (Zot:5)
  2 Orb Guardians (Zot:5)
  A rockslime (Slime:3)
  A deep elf elementalist (Elf:3)
  A draconian scorcher (Zot:2)
  An orc warlord (Vaults:3)
  A stone giant (Depths:3)
  An ironbound thunderhulk (Vaults:3)
  A vampire knight (Depths:2)
  A deep elf demonologist (Elf:3)
  A purple draconian (Zot:2)
  A red draconian (Zot:4)
  A fire dragon (Depths:3)
  A deep elf high priest (Vaults:2)
  A great orb of eyes (Vaults:3)
  A hydra (D:15)
  2 death yaks (Lair:5)
  2 deep elf knights (Elf:3)
  A deep troll (Vaults:4)
  A sea snake (Shoals:4)
  A lindwurm (Vaults:2)
  A wolf spider (Spider:1)
  A deep elf zephyrmancer (Elf:3)
  A cane toad (Lair:5)
  2 yaktaurs
  An ice devil (Zot:5)
  A merfolk (Shoals:3)
  A tarantella (Spider:1)
  2 redbacks
  A hell hound (Lair:5)
  A wolf (IceCv)
  A small abomination (Zot:5)
  A starcursed mass (Abyss:5)
  A gnoll (D:10)
  A dart slug (D:5)
  4 orcs
  19 tentacles
63 creatures vanquished.

Grand Total: 2221 creatures vanquished

Notes
Turn   | Place    | Note
-------+----------+-------------------------------------------
     0 | D:1      | ragingrage the Minotaur Shapeshifter began the quest for
                  | the Orb.
     0 | D:1      | Reached XP level 1. HP: 16/16 MP: 0/0
   244 | D:1      | Reached skill level 4 in Unarmed Combat
   244 | D:1      | Reached XP level 2. HP: 23/23 MP: 1/1
   355 | D:1      | Found Tutofa's Antique Weapon Boutique.
   805 | D:1      | Found a faded altar of an unknown god.
  1084 | D:2      | Reached XP level 3. HP: 23/28 MP: 2/2
  1155 | D:1      | Prayed at the altar of an unknown god.
  1155 | D:1      | Became a worshipper of Ru the Awakened
  1293 | D:2      | Reached skill level 5 in Unarmed Combat
  1706 | D:2      | Found Icacvucu's General Store.
  1983 | D:2      | Reached XP level 4. HP: 28/35 MP: 3/3
  2348 | D:3      | Reached skill level 6 in Unarmed Combat
  2541 | D:2      | Reached XP level 5. HP: 26/40 MP: 4/4
  3170 | D:4      | Noticed Ijyb
  3198 | D:4      | Noticed an ogre
  3205 | D:3      | Reached skill level 7 in Unarmed Combat
  3357 | D:3      | Killed an ogre
  3358 | D:3      | Reached XP level 6. HP: 46/47 MP: 5/5
  3604 | D:4      | Reached skill level 8 in Unarmed Combat
  3955 | D:4      | Found a sparkling altar of Nemelex Xobeh.
  3970 | D:5      | Entered Level 5 of the Dungeon
  4012 | D:4      | Reached XP level 7. HP: 34/52 MP: 6/6
  4136 | D:5      | Reached skill level 9 in Unarmed Combat
  4202 | D:5      | Gained mutation: You are missing a hand. [Ru sacrifice]
  4202 | D:5      | Reached * piety under Ru
  4202 | D:5      | Reached ** piety under Ru
  4219 | D:5      | Found a transporter.
  4668 | D:5      | Found a transporter.
  4668 | D:5      | Noticed bronco's ghost (novice MiSh)
  4731 | D:5      | Reached skill level 10 in Unarmed Combat
  5229 | D:6      | Reached XP level 8. HP: 61/66 MP: 7/7
  5255 | D:6      | Reached skill level 1 in Throwing
  5286 | D:6      | Reached skill level 5 in Fighting
  5432 | D:6      | Reached skill level 11 in Unarmed Combat
  5432 | D:6      | Found a staircase to the Ecumenical Temple.
  5810 | D:6      | Found a shimmering blue altar of Sif Muna.
  5922 | D:6      | Reached XP level 9. HP: 75/75 MP: 8/8
  6638 | D:7      | Noticed Duvessa
  6638 | D:7      | Noticed Dowan
  6654 | D:7      | Gained mutation: You are somewhat unskilled. (-1 Apt) [Ru
                  | sacrifice]
  6654 | D:7      | Reduced skill Fighting to level 5
  6654 | D:7      | Reduced skill Unarmed Combat to level 10
  6654 | D:7      | Reached *** piety under Ru
  6654 | D:7      | Reached **** piety under Ru
  6665 | D:7      | Killed Duvessa
  6668 | D:7      | Killed Dowan
  6669 | D:7      | Reached skill level 11 in Unarmed Combat
  7259 | D:7      | Reached skill level 12 in Unarmed Combat
  7374 | D:7      | Found a broken altar of Ashenzari.
  7375 | D:7      | Found an ancient bone altar of Kikubaaqudgha.
  7553 | D:8      | Found a sand-covered staircase.
  7593 | Ossuary  | Entered an ossuary
  7766 | Ossuary  | Noticed a silent spectre
  7989 | D:8      | Noticed Grum
  8000 | D:8      | Killed Grum
  8005 | D:8      | Reached XP level 10. HP: 32/83 MP: 9/9
  8226 | D:8      | Reached skill level 13 in Unarmed Combat
  8886 | D:9      | Gained mutation: You are hated by all. [Ru sacrifice]
  8886 | D:9      | Reached ***** piety under Ru
  8911 | D:9      | Noticed a boulder beetle
  8924 | D:9      | Killed a boulder beetle
  9385 | D:9      | Reached skill level 14 in Unarmed Combat
 10105 | D:9      | Found a staircase to the Orcish Mines.
 10235 | D:10     | Entered Level 10 of the Dungeon
 10276 | D:10     | Found a transporter.
 10278 | D:10     | Found a transporter.
 10400 | D:10     | Found a transporter.
 10402 | D:10     | Found a transporter.
 10446 | D:10     | Reached skill level 15 in Unarmed Combat
 10595 | D:10     | Found a transporter.
 10729 | D:10     | Reached skill level 1 in Evocations
 10757 | D:10     | Found a transporter.
 10787 | D:10     | Found a staircase to the Lair.
 11281 | D:11     | Reached XP level 11. HP: 91/91 MP: 10/10
 11332 | D:10     | Gained mutation: You cannot be stealthy. [Ru sacrifice]
 11332 | D:10     | Reached ****** piety under Ru
 11390 | D:11     | Noticed a boulder beetle
 11405 | D:11     | Killed a boulder beetle
 11406 | D:11     | Reached skill level 5 in Throwing
 11426 | D:11     | Noticed a white ugly thing
 11426 | D:11     | Noticed a boulder beetle
 11426 | D:11     | Noticed a purple ugly thing
 11459 | D:10     | Killed a white ugly thing
 11537 | Lair:1   | Entered Level 1 of the Lair of Beasts
 12181 | Lair:2   | Noticed Amaemon
 12397 | Lair:2   | Killed Amaemon
 12417 | Lair:2   | Reached skill level 10 in Fighting
 12762 | Lair:2   | Noticed a death yak
 12762 | Lair:2   | Noticed a death yak
 12789 | Lair:1   | Killed a death yak
 12893 | Lair:2   | Noticed a death yak
 12893 | Lair:2   | Noticed a death yak
 12895 | Lair:2   | Killed a death yak
 12896 | Lair:2   | Reached XP level 12. HP: 92/98 MP: 2/11
 12896 | Lair:2   | Killed a death yak
 12896 | Lair:2   | Noticed a death yak
 12897 | Lair:2   | Reached skill level 16 in Unarmed Combat
 12898 | Lair:2   | Killed a death yak
 12898 | Lair:2   | Noticed a death yak
 12988 | Lair:1   | Killed a death yak
 13018 | Lair:2   | Killed a death yak
 13560 | Lair:3   | Found a hole to the Spider Nest.
 13654 | Lair:3   | Reached skill level 17 in Unarmed Combat
 13709 | Lair:3   | Found a staircase to the Shoals.
 13835 | Lair:3   | Learned a level 2 spell: Wereblood
 14390 | Lair:4   | Reached skill level 18 in Unarmed Combat
 14580 | Lair:4   | Noticed an eight-headed hydra
 14583 | Lair:4   | Killed an eight-headed hydra
 15046 | Lair:4   | Identified the +10 scale mail "Ylesm" {rElec}
 15314 | Lair:5   | Entered Level 5 of the Lair of Beasts
 15365 | Lair:5   | Reached XP level 13. HP: 94/113 MP: 12/12
 15367 | Lair:5   | Found a frozen archway.
 15382 | IceCv    | Entered an ice cave
 15395 | IceCv    | Reached skill level 1 in Armour
 15721 | IceCv    | Reached skill level 19 in Unarmed Combat
 15784 | IceCv    | Reached skill level 5 in Armour
 15822 | IceCv    | Noticed a frost giant
 15831 | IceCv    | Killed a frost giant
 16067 | Lair:5   | Found a staircase to the Slime Pits.
 16723 | Lair:5   | Reached XP level 14. HP: 101/108 MP: 4/13
 16728 | Lair:5   | Reached skill level 20 in Unarmed Combat
 16885 | Lair:5   | Reached skill level 10 in Armour
 16973 | Lair:5   | Identified the +2 leather armour of Beogh's Generosity
                  | {rN++ Str+2 Dex+3 Slay-2}
 17845 | Orc:1    | Entered Level 1 of the Orcish Mines
 18119 | Orc:1    | Found Bazotuxu's Assorted Antiques.
 18129 | Orc:1    | Bought a scroll labelled DEHEZ JAIGAXT for 26 gold pieces
 18129 | Orc:1    | Bought a scorched ring mail for 234 gold pieces
 18129 | Orc:1    | Identified the +3 ring mail "Ocieloj" {*Corrode rC+ Dex+3}
                  | (You bought it in a shop on level 1 of the Orcish Mines)
 18173 | Orc:2    | Entered Level 2 of the Orcish Mines
 18474 | Orc:2    | Noticed Maurice
 18478 | Orc:2    | Killed Maurice
 18881 | Orc:2    | Found a staircase to the Elven Halls.
 19045 | Orc:2    | Found Bastrizxu's Assorted Antiques.
 19045 | Orc:2    | Found Izxat's Antique Armour Shop.
 19047 | Orc:2    | Found Irext's Magic Scroll Boutique.
 19049 | Orc:2    | Found Eveohy's Book Shoppe.
 19053 | Orc:2    | Bought a dark potion for 30 gold pieces
 19454 | D:11     | Noticed Urug
 19479 | D:11     | Killed Urug
 19793 | D:11     | Noticed Fannar
 19803 | D:11     | Killed Fannar
 20610 | D:13     | Reached XP level 15. HP: 135/136 MP: 14/14
 21006 | D:13     | Found Qaamiew's Tremendous Tomes.
 21615 | D:14     | Found a gate leading to a gauntlet.
 21626 | Gauntlet | Entered a Gauntlet
 21626 | Gauntlet | Found a transporter.
 21633 | Gauntlet | Found a transporter.
 21636 | Gauntlet | Found a transporter.
 21649 | Gauntlet | Found a transporter.
 21650 | Gauntlet | Found a transporter.
 21654 | Gauntlet | Found a runed translucent door.
 21656 | Gauntlet | Found a runed translucent door.
 21659 | Gauntlet | Found a transporter.
 21675 | Gauntlet | Found a transporter.
 21686 | Gauntlet | Found a transporter.
 21698 | Gauntlet | Found a transporter.
 21709 | Gauntlet | Found a transporter.
 21710 | Gauntlet | Found a transporter.
 21711 | Gauntlet | Found a transporter.
 21738 | Gauntlet | Found a transporter.
 21795 | Gauntlet | Found a transporter.
 22024 | Gauntlet | Identified the ring "Emmor" {rCorr AC+4 Str+2 Int-4}
 22058 | Gauntlet | Identified the +6 chain mail "Ysidiyck" {Regen+}
 22354 | D:14     | Found a gate to the Vaults.
 22695 | D:14     | Found a sacrificial altar of Ru.
 22724 | D:14     | Found a burning altar of Makhleb.
 22980 | D:15     | Entered Level 15 of the Dungeon
 23021 | D:15     | Found Ceysch's Book Shoppe.
 23088 | D:15     | Found Egocueruil's Weapon Shoppe.
 23143 | D:15     | Found a staircase to the Depths.
 23577 | D:15     | Noticed Roxanne
 23726 | D:15     | Found Noruciust's General Store.
 23742 | D:15     | Bought a throwing net for 54 gold pieces
 23742 | D:15     | Bought a scroll of identify for 36 gold pieces
 23859 | D:15     | Found Metaqi's Assorted Antiques.
 23983 | D:15     | Found Akkucyte's Distillery.
 23990 | D:15     | Bought 2 potions of cancellation for 224 gold pieces
 24097 | D:15     | Killed Roxanne
 24103 | D:15     | Bought a slimy golden amulet for 175 gold pieces
 24103 | D:15     | Identified the amulet "Tiakir" {Faith Will+} (You bought it
                  | in a shop on level 15 of the Dungeon)
 24104 | D:15     | Bought a flickering iron ring for 175 gold pieces
 24104 | D:15     | Identified the ring of Reygul {Wiz rElec rPois Str+2} (You
                  | bought it in a shop on level 15 of the Dungeon)
 24294 | Spider:1 | Entered Level 1 of the Spider Nest
 24663 | Spider:1 | Noticed Asterion
 24670 | Spider:1 | Killed Asterion
 25000 | Spider:1 | Reached skill level 5 in Evocations
 25250 | Spider:1 | Reached XP level 16. HP: 91/137 MP: 15/15
 25306 | Spider:1 | Reached skill level 10 in Throwing
 26121 | Spider:2 | Found a transporter.
 26542 | Spider:2 | Found a transporter.
 26542 | Spider:2 | Noticed Xavori's ghost (adept DjCK)
 27488 | Spider:3 | Reached skill level 15 in Armour
 27823 | Spider:4 | Entered Level 4 of the Spider Nest
 27823 | Spider:4 | Noticed Donald
 27837 | Spider:4 | Killed Donald
 27994 | Spider:4 | Noticed Aizul
 28045 | Spider:3 | Killed Aizul
 28354 | Spider:3 | Got Pychojou's Atlas of the Geodesic
 28430 | Spider:4 | Reached XP level 17. HP: 152/152 MP: 16/16
 28809 | Orc:2    | Bought 3 scrolls of identify for 90 gold pieces
 28809 | Orc:2    | Identified a scroll of acquirement
 28812 | Orc:2    | Acquired the ring "Osu Tipt" {rF+ rN+ SInv}
 29058 | Spider:4 | Noticed Kirke
 29072 | Spider:4 | Killed Kirke
 29678 | Spider:4 | Noticed Arachne
 29696 | Spider:4 | Killed Arachne
 30245 | Spider:4 | Got a gossamer rune of Zot
 30443 | Shoals:1 | Entered Level 1 of the Shoals
 30539 | Shoals:1 | Reached skill level 5 in Dodging
 31123 | Shoals:1 | Found a runed translucent door.
 31126 | Shoals:1 | Noticed Mofoompusch's ghost (adept NaCA)
 31719 | D:5      | Found a transporter.
 31860 | D:5      | Found a transporter.
 32125 | D:5      | Found a transporter.
 32220 | D:5      | Found a transporter.
 32377 | D:4      | Killed Ijyb
 32489 | D:4      | Found a sparkling altar of Nemelex Xobeh.
 32527 | D:4      | Noticed Pikel
 32534 | D:4      | Killed Pikel
 32717 | D:5      | Killed bronco's ghost
 33312 | Shoals:2 | Identified the +3 battleaxe "Daatz" {drain, rF+ rN+ Dex+3
                  | Stlth-}
 33401 | Shoals:2 | Noticed a kraken
 33427 | Shoals:2 | Killed a kraken
 33460 | Shoals:2 | Identified the +1 ring mail "Womaysun" {rPois rCorr Stlth-}
 33996 | Shoals:3 | Found Muskodgh's Book Boutique.
 34082 | Shoals:3 | Found Fufelireo's Weapon Boutique.
 34098 | Shoals:3 | Identified the +1 trident of Foul Odours {heavy, Will+
                  | Str+2 Int-2}
 34164 | Shoals:3 | Reached skill level 21 in Unarmed Combat
 34179 | Shoals:3 | Found Towegh's Assorted Antiques.
 34193 | Shoals:3 | Found Kaimia's General Store.
 34205 | Shoals:3 | Noticed Mara
 34258 | Shoals:2 | Learned a level 2 spell: Blink
 34534 | Shoals:3 | Killed Mara
 34727 | Shoals:3 | Noticed Ilsuiw
 34739 | Shoals:3 | Killed Ilsuiw
 35130 | Shoals:4 | Entered Level 4 of the Shoals
 35134 | Shoals:4 | Identified the +0 cloak "Mefec" {rElec rC+ Dex+4}
 35254 | Shoals:4 | Reached XP level 18. HP: 121/142 MP: 17/17
 35799 | Shoals:4 | Identified the +7 falchion of Dithmenos {flame, Dex+3}
 36546 | Shoals:4 | Identified the +7 dagger "Avaw" {spect, Str+2}
 36588 | Shoals:4 | Got a barnacled rune of Zot
 36723 | Shoals:4 | Identified the +0 ring mail "Riepiva" {rElec}
 37054 | Elf:1    | Entered Level 1 of the Elven Halls
 37848 | Elf:1    | Found Daekkuz's Book Boutique.
 38031 | Elf:1    | Reached skill level 22 in Unarmed Combat
 38147 | Elf:2    | Found Onnoe's Assorted Antiques.
 38230 | Elf:2    | Found Uwoatwo's General Store.
 38240 | Elf:2    | Bought a scroll of fear for 48 gold pieces
 38253 | Elf:2    | Reached skill level 10 in Dodging
 38259 | Elf:2    | Found Rocaimi's Magic Scroll Emporium.
 38283 | Elf:2    | Bought a scroll of acquirement for 988 gold pieces
 38335 | Elf:2    | Found Muota's Distillery.
 38446 | Elf:2    | Found a huge runed translucent gate.
 38448 | Elf:2    | Found a huge runed translucent gate.
 38448 | Elf:2    | Found a huge runed translucent gate.
 38450 | Elf:2    | Found a huge runed translucent gate.
 38450 | Elf:2    | Found a huge runed translucent gate.
 38577 | Elf:3    | Entered Level 3 of the Elven Halls
 38941 | Elf:3    | Found Gamm's Elven Fire.
 39040 | Elf:3    | Reached XP level 19. HP: 103/149 MP: 9/18
 39270 | Elf:3    | Identified the +1 quarterstaff of Ignis's Esteem {elec,
                  | rElec Str+3 Dex+3 SInv}
 39340 | Elf:3    | Identified the +7 long sword of Plog {heavy, rPois rF+
                  | rCorr Str-2}
 39340 | Elf:3    | Identified the ring of Daanioge {+Blink rPois Str+6 Int-4}
 39360 | Elf:3    | Identified the ring of the Mantidfly {Wiz rN+}
 39400 | Elf:3    | Found the +1 cloak of Starlight {*Dazzle EV+4 Stlth--}
 39413 | Elf:3    | Got the Folio of Charms and Transmutation
 39429 | Elf:3    | Got the Folio of Grit and Sculpting
 39447 | Elf:3    | Identified the +4 shortbow of Moatif {elec, rF+ Int+3
                  | Dex+2}
 39448 | Elf:3    | Identified the staff of Distant Shores {rPois rC+ Will+
                  | Poison}
 40077 | Elf:3    | Identified the +0 chain mail "Elischok" {rCorr}
 40079 | Elf:3    | Identified the ring "Imnued" {Wiz Str+5 Dex+2}
 40582 | Vaults:1 | Entered Level 1 of the Vaults
 40659 | Vaults:1 | Reached skill level 23 in Unarmed Combat
 41447 | Vaults:1 | Identified the +1 chain mail of the Ecumenical Temple {rC++
                  | Regen+}
 42349 | Vaults:2 | Identified the +5 chain mail of Hysteria {+Blink rC+ Dex+4}
 42479 | Vaults:2 | Reached skill level 15 in Throwing
 42899 | Vaults:2 | Reached XP level 20. HP: 50/132 MP: 10/19
 43478 | Vaults:2 | Identified the +8 scimitar "Voteppas" {vamp, rN+ Dex+6}
 43481 | Vaults:2 | Reached skill level 24 in Unarmed Combat
 43544 | Vaults:2 | Noticed a golden dragon
 43559 | Vaults:2 | Killed a golden dragon
 43698 | Vaults:2 | Reached skill level 1 in Transmutations
 43924 | Vaults:2 | Identified the +0 leather armour "Recwoz" {Str-5 Int+4
                  | Dex+5}
 43982 | Vaults:2 | Got the Dissertation on the Amassed Pyromaniac
 43986 | Vaults:2 | Got the Compendium of Portals and the Queen Bee
 44300 | Vaults:3 | Found Evvih's Magic Scroll Shoppe.
 44306 | Vaults:3 | Bought a scroll of fear for 56 gold pieces
 44306 | Vaults:3 | Bought a scroll of blinking for 105 gold pieces
 44309 | Vaults:3 | Found a staircase to the Crypt.
 44961 | Vaults:3 | Reached skill level 15 in Fighting
 45631 | Vaults:4 | Found Xutsyq's Assorted Antiques.
 45644 | Vaults:4 | Noticed Zenata
 45661 | Vaults:4 | Killed Zenata
 46017 | Vaults:4 | Reached skill level 5 in Transmutations
 46090 | Vaults:4 | Reached XP level 21. HP: 140/184 MP: 20/20
 46353 | Vaults:4 | Paralysed by a formless jellyfish for 1 turns
 47221 | Depths:1 | Entered Level 1 of the Depths
 47355 | Depths:1 | Reached skill level 1 in Spellcasting
 47379 | Depths:1 | Found a gateway to Hell.
 47744 | Depths:1 | Found a bloodstained altar of Trog.
 47784 | Depths:1 | Noticed Nikola
 47795 | Depths:1 | Killed Nikola
 47871 | Depths:1 | Found a one-way gateway to a ziggurat.
 48016 | Depths:1 | Identified the +3 hand axe of the Unseen Realm {venom,
                  | Str-2 Dex+5}
 48240 | Depths:1 | Found Ucsole Xixi's Distillery.
 48832 | Depths:1 | Reached XP level 22. HP: 105/180 MP: 22/22
 49636 | Depths:2 | Found Big Baal Hell's Store.
 49830 | Depths:2 | Found a one-way gate leading to the halls of Pandemonium.
 50192 | Depths:3 | Found a glowing golden altar of the Shining One.
 50230 | Depths:3 | Noticed a juggernaut
 50242 | Depths:3 | Killed a juggernaut
 50256 | Depths:3 | Noticed a golden dragon
 50273 | Depths:3 | Killed a golden dragon
 50469 | Depths:3 | Paralysed by a floating eye for 2 turns
 50666 | Depths:3 | Found a one-way gate to the infinite horrors of the Abyss.
 50858 | Depths:4 | Entered Level 4 of the Depths
 50894 | Depths:4 | Noticed a juggernaut
 50902 | Depths:4 | Killed a juggernaut
 51344 | Depths:4 | Noticed a golden dragon
 51504 | Depths:4 | Killed a golden dragon
 51804 | Depths:4 | Found Pyd Kekh's Weapon Shoppe.
 51872 | Depths:4 | Found a gate to the Realm of Zot.
 52039 | Depths:4 | Gained mutation: You are strong-willed. (Will+) [a
                  | cacodemon]
 52591 | Vaults:5 | Entered Level 5 of the Vaults
 52598 | Vaults:5 | Noticed an ancient lich
 52600 | Vaults:5 | Reached XP level 23. HP: 188/205 MP: 13/23
 52609 | Vaults:5 | Killed an ancient lich
 52614 | Vaults:5 | Reached skill level 25 in Unarmed Combat
 52627 | Vaults:5 | Identified the ring "Aruud" {rElec rPois EV+5 Str-3 Int+5}
 52779 | Vaults:5 | Noticed an ancient lich
 52998 | Vaults:5 | Noticed a dread lich
 53006 | Vaults:4 | Killed an ancient lich
 53428 | Slime:1  | Entered Level 1 of the Pits of Slime
 53882 | Lair:5   | Reached skill level 26 in Unarmed Combat
 54629 | Vaults:5 | Killed a dread lich
 54828 | Vaults:5 | Identified the +8 hand axe "Ocyweujy" {freeze, *Rage rF++
                  | Str+5}
 56863 | Vaults:5 | Reached skill level 27 in Unarmed Combat
 56868 | Vaults:5 | Noticed an ancient lich
 56914 | Vaults:5 | Killed an ancient lich
 56996 | Vaults:5 | Reached XP level 24. HP: 220/221 MP: 21/23
 57153 | Vaults:5 | Identified the +1 robe of Foolhardiness {Will+ Int+3
                  | Slay+3}
 57432 | Vaults:5 | Found the +2 hood of the Assassin {Detect Stab+ Stlth++}
 57439 | Vaults:5 | Reached skill level 10 in Evocations
 57681 | Vaults:5 | Got a silver rune of Zot
 57882 | Vaults:5 | Identified the ring of Cuxyax {+Blink rF+ rN+++ Will+
                  | Stlth-}
 58023 | Vaults:5 | Got the Directory of the Felsic Boggart
 58796 | Zot:1    | Entered Level 1 of the Realm of Zot
 60860 | Zot:4    | Noticed a Killer Klown
 60883 | Zot:4    | Killed a Killer Klown
 61050 | Zot:5    | Entered Level 5 of the Realm of Zot
 61319 | Zot:5    | Found a transporter.
 61637 | Zot:5    | Noticed an orb of fire
 61642 | Zot:5    | Noticed an orb of fire
 61647 | Zot:5    | Noticed an orb of fire
 61866 | Zot:5    | Killed an orb of fire
 62049 | Zot:5    | Noticed an ancient lich
 62065 | Zot:5    | Killed an ancient lich
 62119 | Zot:5    | Noticed a Killer Klown
 62122 | Zot:5    | Killed an orb of fire
 62188 | Zot:5    | Killed a Killer Klown
 62350 | Zot:5    | Noticed a Killer Klown
 62385 | Zot:5    | Killed a Killer Klown
 62410 | Zot:5    | Noticed an orb of fire
 62425 | Zot:5    | Gained mutation: You occasionally lose the ability to drink
                  | potions when taking damage. [an orb of fire]
 62427 | Zot:5    | Noticed a Killer Klown
 62429 | Zot:5    | Killed an orb of fire
 62433 | Zot:5    | Noticed a Killer Klown
 62438 | Zot:5    | Killed a Killer Klown
 62439 | Zot:5    | Noticed a Killer Klown
 62446 | Zot:5    | Killed a Killer Klown
 62517 | Zot:5    | Noticed a dread lich
 62520 | Zot:5    | Noticed a Killer Klown
 62526 | Zot:5    | Killed a dread lich
 62896 | Zot:5    | Killed a Killer Klown
 62897 | Zot:5    | Reached XP level 25. HP: 224/233 MP: 23/23
 62945 | Zot:5    | Killed a Killer Klown
 62984 | Zot:5    | Noticed an orb of fire
 62987 | Zot:5    | Gained mutation: You sometimes lose your temper in combat.
                  | [an orb of fire]
 63004 | Zot:5    | Gained mutation: Armour fits poorly on your strangely
                  | shaped body. [an orb of fire]
 63008 | Zot:5    | Gained mutation: Your magical capacity is low. (-10% MP)
                  | [an orb of fire]
 63012 | Zot:5    | Killed an orb of fire
 63048 | Zot:5    | Lost mutation: You sometimes lose your temper in combat.
                  | [potion of mutation]
 63048 | Zot:5    | Lost mutation: You occasionally lose the ability to drink
                  | potions when taking damage. [potion of mutation]
 63048 | Zot:5    | Lost mutation: Your magical capacity is low. (-10% MP)
                  | [potion of mutation]
 63048 | Zot:5    | Gained mutation: Your movements are slightly less
                  | encumbered by armour. (ER -2) [potion of mutation]
 63048 | Zot:5    | Gained mutation: You have sharp fingernails. [potion of
                  | mutation]
 63048 | Zot:5    | Gained mutation: You possess an exceptional clarity of
                  | mind. [potion of mutation]
 63104 | Zot:5    | Noticed an orb of fire
 63107 | Zot:5    | Gained mutation: Your body sometimes deteriorates upon
                  | taking damage. [an orb of fire]
 63109 | Zot:5    | Gained mutation: Your movements are less encumbered by
                  | armour. (ER -4) [an orb of fire]
 63109 | Zot:5    | Noticed a Killer Klown
 63111 | Zot:5    | Noticed an orb of fire
 63117 | Zot:5    | Gained mutation: Your magical capacity is low. (-10% MP)
                  | [an orb of fire]
 63170 | Zot:5    | Gained mutation: You are clumsy. (Dex -2) [an orb of fire]
 63183 | Zot:5    | Gained mutation: You occasionally lose the ability to drink
                  | potions when taking damage. [an orb of fire]
 63184 | Zot:5    | Killed an orb of fire
 63189 | Zot:5    | Killed an orb of fire
 63197 | Zot:5    | Killed a Killer Klown
 63420 | Zot:5    | Noticed an ancient lich
 63434 | Zot:5    | Killed an ancient lich
 63501 | Zot:5    | Noticed a Killer Klown
 63510 | Zot:5    | Killed a Killer Klown
 63553 | Zot:5    | Noticed a Killer Klown
 63698 | Zot:5    | Killed a Killer Klown
 64013 | Zot:5    | Got the Orb of Zot
 64017 | Zot:5    | Noticed Uheil the pandemonium lord
 64030 | Abyss:5  | Cast into level 5 of the Abyss (Uheil)
 64121 | Abyss:5  | Got an abyssal rune of Zot
 64233 | Zot:5    | Escaped the Abyss
 64236 | Zot:5    | Gained mutation: You are very clumsy. (Dex -4) [an orb of
                  | fire]
 64724 | D:1      | Noticed Pokladd the pandemonium lord
 64760 | D:1      | Killed Pokladd the pandemonium lord
 64765 | D:$      | Escaped with the Orb!

Illustrated notes

Levels and vault maps discovered:
D:1:      minmay_arrival_jagged, layout_loops_corners, serial_shops, shop,
          dreamdust_ecumenical_altar_hidden_monk_grotto, minmay_heptomino_l4
D:2:      layout_loops_ring, serial_shops, shop
D:3:      kennysheep_six_static_rooms, layout_rooms, small_statue_intersection,
          kennysheep_generic_room_8
D:4:      layout_rooms, overflow_temple_1_default, grunt_decor_arrowhead,
          uniq_ijyb, uniq_pikel
D:5:      layout_cave_pools, gammafunk_ghost_mausoleum,
          hangedman_abyss_or_decor_stabs
D:6:      layout_gridville, amcnicky_altar_gilded, temple_fountains,
          dk_noncrumbling_2, minmay_manual_macuahuitl
D:7:      layout_cave_pods, mainiacjoe_overflow_divided_tiny, lightli_minifort,
          uniq_duvessa
D:8:      layout_basic, lightli_ossuary_entry_decrepit_ruins, uniq_grum
D:9:      layout_long_grid, david_orc_5
D:10:     layout_roguey, erik_lair_island, serial_nicolae_subway,
          nicolae_sub_station_metal, nicolae_sub_station_stone,
          nicolae_sub_station_crystal
D:11:     minmay_bloctagon_deflated, layout_irregular_city, uniq_urug,
          uniq_fannar
D:12:     layout_cave_pools
D:13:     minmay_separated_statues, layout_stronghold,
          nicolae_shop_i_like_big_books
D:14:     layout_loops_ring, hellmonk_vaults_keyhole, nicolae_ru_awakened_eye,
          gauntlet_entry_generic, bloody_makhleb
D:15:     hangedman_depths_entry_civil_slaughter, layout_loops_cross,
          serial_shops, shop, shop, shop, shop, nicolae_shop_crystal,
          serial_glass, glass_columns_a, glass_columns_b, glass_columns_b,
          glass_columns_b, glass_columns_c, glass_columns_a, nrook_mini_vaults,
          nicolae_two_hexagons, uniq_roxanne
Lair:1:   layout_loops_ring, pdpol_lair_neglected_garden
Lair:2:   layout_loops_ring, special_room [special_room_bee],
          grunt_megastairs_3, uniq_amaemon
Lair:3:   layout_regular_city, elwin_shoals_entry_rocks, spider_nest_entry_a
Lair:4:   layout_layer_cave, disabler_island
Lair:5:   hangedman_lair_caniforms_friends, layout_loops_ring,
          hangedman_lair_in_review, minmay_slime_entry_pillars,
          portal_ice_cave_rime, nicolae_lair_liquid_snakes
Shoals:1: layout_shoals, ebering_ghost_reflecting_pool, nicolae_shoals_loop_pool
Shoals:2: layout_shoals
Shoals:3: layout_shoals, serial_shops, shop, nicolae_shop_getting_attention,
          nicolae_shop_crystal, nicolae_shop_stone, uniq_ilsuiw, uniq_mara
Shoals:4: shoals_end_hangedman, layout_shoals
Spider:1: layout_chambers, special_room, nicolae_spider_circle_web,
          nicolae_spider_orb_run, uniq_asterion
Spider:2: layout_chambers, gammafunk_ghost_arena, drop_trap, worms_lemuel
Spider:3: lemuel_spider_zombies
Spider:4: grunt_spider_rune_parallel, uniq_donald, uniq_aizul, uniq_arachne,
          uniq_kirke
Slime:1:  layout_caves
Slime:2:  layout_caves, cheibrodos_slime_lost_civilization_7
Slime:3:  layout_caves, basic_altar
Orc:1:    layout_caves, serial_shops, nicolae_lakefront_shop
Orc:2:    st_orc_rangers, layout_caves, uniq_maurice
Elf:1:    minmay_elf_arrival_summoners, layout_geoelf_grid, serial_shops, shop,
          minmay_elf_demonology, nicolae_elf_glass_and_crystal_pillar_2,
          nicolae_twisty_statue_hallways
Elf:2:    elven_hall_of_blades_hangedman_alternative
          [nicolae_blade_entry_diamond_columns], layout_gridlike, serial_shops,
          nicolae_take_the_stairs, shop,
          nicolae_shop_temple_entry_statues_fountains, nicolae_stop_n_shop_1
Elf:3:    elf_hall, layout_gridlike, guppyfry_elf_lava, grunt_megastairs_1
Vaults:1: nicolae_vaults_angled_halls, nicolae_vaults_steering_wheel,
          vaults_room_fours, nicolae_vaults_weapon_check,
          nicolae_vaults_more_shelving_1, v_misc_3,
          nicolae_vaults_trapezoid_lopsided_1, nicolae_vaults_yaktaur_gun_rack,
          ontoclasm_vaults_gateway, nicolae_vaults_house_2,
          layout_vaults_omnigrid
Vaults:2: nicolae_vaults_network_periphery, ontoclasm_vaults_spin,
          nicolae_vaults_shrinking_rooms_1, st_greater_box_1,
          nicolae_vaults_double_plus_1, nicolae_vaults_puzzle_piece,
          nicolae_vaults_tetromino_L_1, hangedman_vaults_corner_blocks,
          nicolae_vaults_asterisk, nicolae_vaults_trapezoid_lopsided_2,
          nicolae_vaults_offset_grid_hallway_3, nicolae_vaults_three_branches,
          v_rooms_3, vaults_room_semicircle, layout_vaults_big_cross
Vaults:3: ontoclasm_vaults_decontamination, ontoclasm_vaults_ring_large,
          nicolae_vaults_security_offices_1, minmay_crypt_entry_simple_sparse,
          v_misc_33, hangedman_vaults_variations,
          nicolae_vaults_trapezoid_layered, hangedman_vaults_pinch,
          vaults_room_fancy_cross, nicolae_vaults_closet_pinwheel_2,
          vaults_mumra_minichess_inversion, hangedman_vaults_trim,
          nicolae_vaults_trapezoid_4, nicolae_vaults_asterisk,
          ontoclasm_vaults_misaligned, layout_vaults_maze, serial_glass,
          serial_shops, shop
Vaults:4: nicolae_vaults_network_quincunx
          [nicolae_vaults_network_quincunx_subvault,
          nicolae_vaults_network_quincunx_subvault,
          nicolae_vaults_network_quincunx_subvault,
          nicolae_vaults_network_quincunx_subvault,
          nicolae_vaults_network_quincunx_subvault],
          nicolae_vaults_storage_closets_3, nicolae_vaults_shrinking_rooms_2,
          vaults_room_fours, nicolae_vaults_meiosis, grunt_vaults_funnel,
          grunt_vaults_focal, vaults_dpeg_cross, v_misc_25, vaults_dpeg_hooks,
          v_alt_pattern_4, nicolae_vaults_tetromino_Z_1, layout_vaults_omnibox,
          serial_shops, shop, uniq_zenata
Vaults:5
Depths:1: dreamdust_tengu_aerie, layout_small_grid, enter_ziggurat_c,
          nicolae_hell_entry_hellmouth_sunbeams, lemuel_statue_altar,
          amcnicky_mini_corridor_feature, nicolae_inconvenience_store,
          drop_trap, nicolae_yredelemnul_corpse_copse, uniq_nikola
Depths:2: nzn_winding_woodlands_small
          [nzn_winding_woodlands_5x15_pathside_ponds,
          nzn_winding_woodlands_center_garden,
          nzn_winding_woodlands_5x15_concentric], layout_cave_pools,
          minmay_misc_feat_chi, nicolae_hell_entry_big_baal_hell,
          rand_demon_pan_entry_1, minmay_staircase_windowed_small, firewood_loft
Depths:3: minmay_ornate_pinched, layout_cave_pools, hellmouth_1,
          abyss_entry_glasseish, lemuel_round_altar
Depths:4: grunt_twist_and_shout, layout_long_grid, grunt_decor_cap, hell_entry,
          rand_demon_pan_entry_9, serial_shops, nicolae_shop_rolling_square
Zot:1:    minmay_elemental_castle, layout_basic, st_single_dragon_hoard_4
Zot:2:    layout_misc_corridors
Zot:3:    layout_gridville
Zot:4:    layout_gridlike
Zot:5:    layout_basic, nicolae_diode_basic

Skill      XL: |  1  2  3  4  5  6  7  8  9 10 11 12 13 14 15 16 17 18 19 20 21 22 23 24 25 |
---------------+----------------------------------------------------------------------------+-----
Unarmed Combat | 4 5 6 7 8 10 11 12 15 18 19 20 21 22 23 24 27 | 27.0
Fighting       | 3 6 6 10 13 14 15 16 20 22 24 | 24.8
Throwing       | 4 4 6 7 9 13 14 15 16 | 16.0
Evocations     | 1 3 5 8 9 12 | 12.0
Armour         | 8 11 13 15 16 18 19 20 | 20.0
Dodging        | 8 10 11 | 11.0
Transmutations | 5 8 |  8.0
Spellcasting   | 1 |  1.0
Shapeshifting  | |  2.1

Action                     |  1- 3 |  4- 6 |  7- 9 | 10-12 | 13-15 | 16-18 | 19-21 | 22-24 | 25-27 || total
---------------------------+-------+-------+-------+-------+-------+-------+-------+-------+-------++-------
  Melee: Unarmed           |    75 |   115 |   288 |   552 |   942 |  1508 |  1501 |  1249 |   219 ||  6449
         Headbutt          |     9 |    15 |    67 |   112 |   202 |   412 |   513 |   449 |    55 ||  1834
         Punch             |       |     3 |       |       |       |       |       |       |       ||     3
  Throw: Dart              |       |     8 |     7 |    19 |    69 |    58 |     1 |     1 |       ||   163
         Boomerang         |       |       |    29 |       |    15 |    27 |   133 |   253 |   113 ||   570
         Javelin           |       |       |       |       |       |     7 |    29 |     6 |     5 ||    47
   Cast: Wereblood         |       |       |       |       |       |       |    16 |    28 |     6 ||    50
 Invoke: Sacrifice a Hand  |       |       |     1 |       |       |       |       |       |       ||     1
         Sacrifice Skill   |       |       |     1 |       |       |       |       |       |       ||     1
         Power Leap        |       |       |       |     4 |       |       |     4 |     1 |       ||     9
         Sacrifice Love    |       |       |       |     1 |       |       |       |       |       ||     1
         Apocalypse        |       |       |       |     5 |    16 |    13 |    13 |    12 |     2 ||    61
         Sacrifice Stealth |       |       |       |     1 |       |       |       |       |       ||     1
         Draw Out Power    |       |       |       |       |       |     2 |       |       |       ||     2
Ability: Begin Untransform |       |       |     1 |       |       |       |       |       |       ||     1
  Evoke: Wand              |       |       |       |     4 |     6 |    17 |     1 |     2 |     2 ||    32
         Phial of floods   |       |       |       |       |       |     1 |     2 |       |       ||     3
         Tin of tremorston |       |       |       |       |       |     3 |     3 |     5 |       ||    11
         Lightning rod     |       |       |       |       |       |       |    10 |     4 |       ||    14
    Use: Scroll            |     3 |     3 |     5 |     3 |    17 |     7 |     1 |     6 |     5 ||    50
         Potion            |       |       |       |     3 |     2 |     4 |     2 |     6 |     7 ||    24
   Stab: Sleeping          |     3 |       |       |       |       |       |       |       |       ||     3
         Distracted        |       |       |     5 |     2 |     7 |     9 |    10 |     5 |     1 ||    39
         Invisible         |       |       |     1 |     7 |    11 |    17 |     7 |     9 |     5 ||    57
         Paralysed         |       |       |       |     7 |    27 |    24 |    29 |    17 |     1 ||   105
         Held in net/web   |       |       |       |       |       |     7 |       |       |       ||     7
         Confused          |       |       |       |       |       |       |     1 |       |       ||     1
         Petrifying        |       |       |       |       |       |       |       |     1 |       ||     1
 Armour: Animal skin       |     4 |     1 |       |       |       |       |       |       |       ||     5
         Ring mail         |       |    41 |    52 |       |       |       |       |       |       ||    93
         Leather armour    |       |       |    36 |   111 |     4 |       |       |       |       ||   151
         Scale mail        |       |       |       |    51 |   398 |       |       |       |       ||   449
         Chain mail        |       |       |       |       |   127 |   753 |   550 |   520 |   100 ||  2050
  Dodge: Dodged            |    32 |    66 |   154 |   234 |   371 |   605 |   661 |   537 |    73 ||  2733

Table legend: (Time is in decaauts)
 A = Elapsed time spent in this place.
 B = Non-inter-level travel time spent in this place.
 C = Inter-level travel time spent in this place.
 D = Time resting spent in this place.
 E = Time spent auto-exploring this place.
 F = Levels seen in this place.
 G = Mean time per level.
                   A        B        C        D        E       F      G
               +--------+--------+--------+--------+--------+-----+--------+
         Total |  62301 |  54710 |   7591 |  10717 |  31443 |  54 | 1153.7 |
       Dungeon |  18427 |  16026 |   2401 |   2894 |  10274 |  15 | 1228.5 |
          Lair |   6950 |   5302 |   1648 |   1003 |   3093 |   5 | 1390.0 |
        Shoals |   4583 |   4402 |    181 |    962 |   2342 |   4 | 1145.8 |
   Spider Nest |   5575 |   5205 |    370 |   1184 |   2726 |   4 | 1393.8 |
    Slime Pits |   1252 |   1163 |     89 |    146 |    795 |   3 |  417.3 |
  Orcish Mines |   1573 |   1337 |    236 |    443 |    611 |   2 |  786.5 |
   Elven Halls |   3194 |   2788 |    406 |    216 |   1838 |   3 | 1064.7 |
        Vaults |   9178 |   7764 |   1414 |   1338 |   4579 |   5 | 1835.6 |
        Depths |   4988 |   4476 |    512 |    634 |   2553 |   4 | 1247.0 |
           Zot |   5085 |   4756 |    329 |   1784 |   1965 |   5 | 1017.0 |
         Abyss |    167 |    167 |      0 |      0 |      0 |   1 |  167.0 |
       Ossuary |    249 |    249 |      0 |      0 |    108 |   1 |  249.0 |
      Ice Cave |    629 |    629 |      0 |     82 |    322 |   1 |  629.0 |
      Gauntlet |    445 |    445 |      0 |     27 |    237 |   1 |  445.0 |
               +--------+--------+--------+--------+--------+-----+--------+

Top non-repeatable levels by time:
   Zot:5: 2229 daAuts
  Lair:5: 2015 daAuts
Vaults:3: 1927 daAuts
Vaults:2: 1921 daAuts
Vaults:4: 1889 daAuts
Vaults:1: 1830 daAuts
     D:5: 1735 daAuts
Depths:1: 1668 daAuts
    D:10: 1632 daAuts
Vaults:5: 1610 daAuts
Spider:2: 1549 daAuts
   Elf:3: 1489 daAuts
Spider:1: 1435 daAuts
     D:9: 1427 daAuts
Shoals:3: 1391 daAuts
